 Dungeon Crawl Stone Soup version 0.20-a0-1089-g3fde505 (webtiles) character file.

50 JeffiDaFish the Firebug (level 3, -5/26 HPs)
             Began as a Draconian Fire Elementalist on May 3, 2017.
             Slain by Terence
             ... wielding a +0 flail
              (6 damage)
             ... on level 1 of the Dungeon.
             The game lasted 00:05:41 (1895 turns).

JeffiDaFish the Firebug (DrFE)                      Turns: 1895, Time: 00:05:42

Health: -5/26      AC:  5    Str: 10    XL:     3   Next: 55%
Magic:  0/6        EV: 12    Int: 15    God:
Gold:   82         SH:  0    Dex: 12    Spells: 3/6 levels left

rFire    . . .     SeeInvis .   e - +1 short sword
rCold    . . .     Gourm    .   (no shield)
rNeg     . . .     Faith    .   (armour unavailable)
rPois    .         Spirit   .   (helmet restricted)
rElec    .         Reflect  .   (no cloak)
rCorr    .         Harm     .   (no gloves)
MR       .....                  (no boots)
Stlth    ++........             (no amulet)
Regen    0.1/turn               (no ring)
MPRegen  0.1/turn               (no ring)

@: very slightly contaminated
A: unfitting armour, cold-blooded, AC +5
a: no special abilities


You were on level 1 of the Dungeon.
You were very hungry.

You visited 1 branch of the dungeon, and saw 2 of its levels.

You collected 82 gold pieces.

Inventory:

Hand Weapons
 e - a +1 short sword (weapon)
Scrolls
 c - a scroll of fear
Books
 a - a book of Flames

   Spells                             Type                      Level
   a - Flame Tongue                   Conjuration/Fire             1
   b - Throw Flame                    Conjuration/Fire             2
   c - Conjure Flame                  Conjuration/Fire             3
   d - Inner Flame                    Hexes/Fire                   3
   e - Sticky Flame                   Conjuration/Fire             4
   f - Fireball                       Conjuration/Fire             5
Comestibles
 b - a bread ration


   Skills:
 + Level 0.2 Fighting
 + Level 0.2 Short Blades
 + Level 1.9 Dodging
 + Level 1.7 Stealth
 * Level 2.4 Spellcasting
 * Level 1.5 Conjurations
 * Level 3.9 Fire Magic


You had 3 spell levels left.
You knew the following spells:

 Your Spells              Type           Power        Failure   Level  Hunger
a - Flame Tongue          Conj/Fire      #....        7%          1    #......
b - Throw Flame           Conj/Fire      #.....       11%         2    ###....


Dungeon Overview and Level Annotations

Branches:
Dungeon (2/15)

Altars:

Annotations:
D:1 Terence


Innate Abilities, Weirdness & Mutations

Your plain brown scales are hard. (AC +5)
You cannot fit into any form of body armour.
You are cold-blooded and may be slowed by cold attacks.


Message History

You are very lightly contaminated with residual magic.
Nothing appears to happen.
Terence hits you with a flail.
* * * LOW HITPOINT WARNING * * *
Casting: Flame Tongue
Confirm with . or Enter, or press ? or * to list all spells.
Aiming: Flame Tongue
Press: ? - help, Shift-Dir - straight line, f/p - Terence
Aim: Terence, wielding a flail and wearing a runed scale mail (lightly wounded)
The flame tongue hits Terence.
Terence appears unharmed.
Terence is lightly wounded.
Terence barely misses you.
Casting: Flame Tongue
Confirm with . or Enter, or press ? or * to list all spells.
Aiming: Flame Tongue
Press: ? - help, Shift-Dir - straight line, f/p - Terence
Aim: Terence, wielding a flail and wearing a runed scale mail (lightly wounded)
The flame tongue hits Terence.
Terence resists.
Terence is lightly wounded.
Terence hits you with a flail.
You die...

# ####.##### ####.#####..... #.#
#....# #####. #.#### #.#..## #. #
#....######.#.#.## ##' ##
####.##......###.## ##.. .##
#####.##..##.## ##.# ##... ..##
##.......>.....###.####....
...####...##.#..###...#.####.....
...'........)...@@.........+.....
...#####'#######'####...####.....
..## ##.........## ##.## ##....
.## ##...#####...## ### ##... ##
##.#.#.###.#.#.## ##.. #
##.##.##.#.##.##.## ##'
##.###.###.###.###.## #.
###.####.##.#.##.####(#### #.
.+.........###..<......'.# ##.


You could see Terence.

Vanquished Creatures
  An adder (D:2)
  3 goblins
  4 hobgoblins
  8 jackals (D:1)
  9 kobolds
  A quokka (D:2)
  2 ball pythons (D:1)
  A bat (D:1)
  4 frilled lizards
  8 rats
41 creatures vanquished.

Notes
Turn   | Place    | Note
-------+----------+-------------------------------------------
     0 | D:1      | JeffiDaFish the Draconian Fire Elementalist began the quest for the Orb.
     0 | D:1      | Reached XP level 1. HP: 14/14 MP: 3/3
   297 | D:1      | Reached XP level 2. HP: 20/20 MP: 3/5
  1109 | D:1      | Reached XP level 3. HP: 26/26 MP: 6/6
  1135 | D:1      | Learned a level 2 spell: Throw Flame
  1454 | D:2      | Noticed Terence
  1893 | D:1      | HP: 1/26 [Terence/flail (4)]
  1895 | D:1      | Slain by Terence

Vault maps used:
D:1:      roderic_octagonal_star, minivault_5
D:2:      uniq_terence, uniq_sigmund

Action                   || total
-------------------------++-------
Melee: Short sword       ||    74
       Dagger            ||     7
       Tailslap          ||     3
 Cast: Flame Tongue      ||    54
       Throw Flame       ||     2
  Use: Scroll            ||     4
       Potion            ||     1
 Stab: Sleeping          ||     1
  Eat: Chunk             ||     3
Armor: Skin              ||    22
Dodge: Dodged            ||    79
